[ AOE2 MATCH · #481290622 ]
UnrankedSicilians vs Bulgarians
[ REPLAY ANALYSIS · EXTRACTED FROM THE RECORDED GAME ]
Feudal
11:46
Castle
23:02
Imperial
36:35
| APM avg | 16.6 |
| APM peak | 40 |
| eAPM avg | 11.1 |
| Villagers / military | 74 / 33 |
Focus
⚔️ 19.1% · 🌾 80.9%
Knight ×19 · Serjeant ×9 · Mangonel ×3 · Trebuchet (Packed) ×2
Feudal
11:29
Castle
17:55
Imperial
33:02
| APM avg | 23.9 |
| APM peak | 65 |
| eAPM avg | 12.0 |
| Villagers / military | 86 / 60 |
Focus
⚔️ 20.9% · 🌾 79.1%
Militia ×24 · Skirmisher ×22 · Spearman ×8 · Hand Cannoneer ×4 · Trade Cart ×3 · Mangonel ×2
Feudal
8:58
Castle
16:27
Imperial
28:58
| APM avg | 20.7 |
| APM peak | 66 |
| eAPM avg | 14.2 |
| Villagers / military | 145 / 49 |
Focus
⚔️ 17.4% · 🌾 82.6%
Militia ×47 · Trade Cart ×47 · Petard ×2
Feudal
8:55
Castle
16:37
Imperial
28:35
| APM avg | 37.7 |
| APM peak | 78 |
| eAPM avg | 15.6 |
| Villagers / military | 65 / 54 |
Focus
⚔️ 24.8% · 🌾 75.2%
Scorpion ×34 · Trade Cart ×9 · Monk ×8 · Bombard Cannon ×6 · Armored Elephant ×5 · Mangonel ×1
Feudal
10:16
Castle
14:11
Imperial
—
| APM avg | 19.9 |
| APM peak | 75 |
| eAPM avg | 13.4 |
| Villagers / military | 108 / 42 |
Focus
⚔️ 15.0% · 🌾 85.0%
Scout Cavalry ×27 · Spearman ×5 · Mangonel ×4 · Battering Ram ×3 · Knight ×2 · Monk ×1
Feudal
10:59
Castle
14:34
Imperial
32:28
| APM avg | 39.5 |
| APM peak | 96 |
| eAPM avg | 24.0 |
| Villagers / military | 174 / 30 |
Focus
⚔️ 24.5% · 🌾 75.5%
Trade Cart ×22 · Missionary ×18 · Conquistador ×11 · Monk ×1
Feudal
11:48
Castle
15:18
Imperial
32:22
| APM avg | 14.6 |
| APM peak | 44 |
| eAPM avg | 10.4 |
| Villagers / military | 113 / 31 |
Focus
⚔️ 17.1% · 🌾 82.9%
Knight ×20 · Scout Cavalry ×9 · Spearman ×2
Feudal
10:58
Castle
14:33
Imperial
28:50
| APM avg | 30.3 |
| APM peak | 65 |
| eAPM avg | 21.5 |
| Villagers / military | 137 / 93 |
Focus
⚔️ 34.9% · 🌾 65.1%
Fire Lancer ×81 · Trade Cart ×30 · Battering Ram ×11 · Trebuchet (Packed) ×1
Match map
Initial resources + every placement click. Lines = walls · curves = elevation contours. ◆ gold · ⬟ stone · ● berries · ✦ relic · ◌ wall gap
Your base· ✓ Closed at 23:02 · 0t walls · 3 gate(s)
YAMAHA's base· ✓ Closed at 17:55 · 0t walls · 2 gate(s)
JCUP's base· ✓ Closed at 16:27 · 0t walls · 2 gate(s)
我怕你审判长?'s base· ✓ Closed at 16:37 · 0t walls · 3 gate(s)
BIZZ9 | Resneli Pasha's base· ✓ Closed at 14:11 · 0t walls · 2 gate(s)
一般入机's base· ✓ Closed at 14:34 · 4t walls · 2 gate(s)
劍靈根's base· ✓ Closed at 15:18 · 0t walls · 2 gate(s)
湄洲行 观潮断 掠海游 定涛心 天妃佑 息浪平's base· ✓ Closed at 14:33 · 0t walls · 2 gate(s)
Smoothed initial terrain · ◌ = detected wall gap · hover for details
Inputs per minute
— 大清第一巴图鲁 - - YAMAHA
Build order — 大清第一巴图鲁
First 150 of 203 actions detected
| 0:06 | Build | House |
| 0:10 | Build | House |
| 0:14 | Create | Villager (Male) |
| 0:14 | Create | Villager (Male) |
| 0:15 | Create | Villager (Male) |
| 0:15 | Create | Villager (Male) |
| 0:15 | Create | Villager (Male) |
| 1:46 | Create | Villager (Male) |
| 2:02 | Build | Lumber Camp |
| 2:07 | Create | Villager (Male) |
| 2:42 | Create | Villager (Male) |
| 3:07 | Create | Villager (Male) |
| 3:21 | Create | Villager (Male) |
| 3:40 | Build | House |
| 4:26 | Create | Villager (Male) |
| 4:36 | Build | House |
| 4:55 | Create | Villager (Male) |
| 5:23 | Create | Villager (Male) |
| 5:43 | Create | Villager (Male) |
| 5:57 | Build | Mining Camp |
| 6:12 | Create | Villager (Male) |
| 7:02 | Research | Loom |
| 7:28 | Create | Villager (Male) |
| 7:35 | Create | Villager (Male) |
| 7:35 | Create | Villager (Male) |
| 7:36 | Create | Villager (Male) |
| 8:01 | Build | Mill |
| 8:59 | Build | House |
| 9:00 | Build | House |
| 9:36 | Research | Feudal Age |
| 10:09 | Build | Donjon |
| 11:39 | Create | Villager (Male) |
| 11:40 | Create | Villager (Male) |
| 11:40 | Create | Villager (Male) |
| 11:46 | Age | Feudal Age |
| 11:54 | Build | Mill |
| 11:59 | Create | Serjeant |
| 12:12 | Build | Mining Camp |
| 12:20 | Create | Villager (Male) |
| 12:41 | Create | Serjeant |
| 13:17 | Build | Donjon |
| 13:37 | Build | Mill |
| 13:48 | Create | Villager (Male) |
| 13:49 | Create | Villager (Male) |
| 13:57 | Create | Villager (Male) |
| 14:08 | Build | House |
| 14:10 | Build | House |
| 14:13 | Build | Blacksmith |
| 14:31 | Create | Serjeant |
| 14:56 | Create | Serjeant |
| 14:59 | Create | Serjeant |
| 15:25 | Create | Villager (Male) |
| 16:17 | Build | Farm |
| 16:18 | Build | Farm |
| 16:18 | Build | Farm |
| 16:20 | Build | Farm |
| 16:25 | Create | Villager (Male) |
| 16:25 | Create | Villager (Male) |
| 17:29 | Create | Villager (Male) |
| 17:29 | Create | Villager (Male) |
| 17:29 | Create | Villager (Male) |
| 17:53 | Build | Farm |
| 17:56 | Build | Farm |
| 18:40 | Create | Villager (Male) |
| 18:40 | Create | Villager (Male) |
| 19:22 | Build | Market |
| 20:10 | Build | Farm |
| 20:22 | Research | Castle Age |
| 20:46 | Build | Farm |
| 20:47 | Build | Farm |
| 20:49 | Build | Farm |
| 20:50 | Build | Farm |
| 20:52 | Build | Farm |
| 20:54 | Build | Farm |
| 21:05 | Build | Farm |
| 21:32 | Create | Serjeant |
| 21:57 | Build | Barracks |
| 23:02 | Age | Castle Age |
| 23:10 | Build | Stable |
| 23:15 | Create | Villager (Male) |
| 23:15 | Create | Villager (Male) |
| 23:16 | Create | Villager (Male) |
| 23:16 | Create | Villager (Male) |
| 23:20 | Create | Villager (Male) |
| 23:20 | Create | Villager (Male) |
| 23:20 | Create | Villager (Male) |
| 23:24 | Research | Double-Bit Axe |
| 24:05 | Create | Knight |
| 24:05 | Create | Knight |
| 24:13 | Build | Stable |
| 24:22 | Research | Bow Saw |
| 24:27 | Create | Knight |
| 25:05 | Create | Knight |
| 25:21 | Create | Knight |
| 25:39 | Build | Farm |
| 26:22 | Build | Siege Workshop |
| 26:30 | Build | House |
| 26:31 | Build | House |
| 26:31 | Build | House |
| 27:05 | Create | Mangonel |
| 27:11 | Research | Gold Mining |
| 27:22 | Build | Town Center |
| 27:31 | Research | Wheelbarrow |
| 28:40 | Build | Castle |
| 29:01 | Create | Mangonel |
| 29:01 | Create | Mangonel |
| 29:23 | Build | Castle |
| 29:48 | Research | Gold Shaft Mining |
| 29:55 | Create | Villager (Male) |
| 29:56 | Create | Villager (Male) |
| 30:03 | Research | Town Watch |
| 30:04 | Research | Hand Cart |
| 30:16 | Create | Villager (Male) |
| 30:16 | Create | Villager (Male) |
| 30:17 | Create | Villager (Male) |
| 30:17 | Create | Villager (Male) |
| 30:20 | Create | Villager (Male) |
| 30:42 | Build | Farm |
| 30:43 | Build | Farm |
| 30:45 | Build | Farm |
| 30:46 | Build | Farm |
| 32:09 | Build | Farm |
| 32:10 | Build | Farm |
| 32:11 | Build | Farm |
| 32:12 | Build | Farm |
| 32:15 | Build | Farm |
| 32:17 | Build | Farm |
| 32:40 | Build | Town Center |
| 33:25 | Research | Imperial Age |
| 35:04 | Create | Knight |
| 35:04 | Create | Knight |
| 35:04 | Create | Knight |
| 35:04 | Create | Knight |
| 35:05 | Create | Knight |
| 35:05 | Create | Knight |
| 35:05 | Create | Knight |
| 35:05 | Create | Knight |
| 35:06 | Create | Knight |
| 35:10 | Research | Scale Barding Armor |
| 35:11 | Research | Forging |
| 35:20 | Build | Stable |
| 35:21 | Build | Stable |
| 35:22 | Build | Stable |
| 35:23 | Build | Stable |
| 35:25 | Build | Stable |
| 35:26 | Build | Stable |
| 35:38 | Build | Farm |
| 35:40 | Build | Farm |
| 35:42 | Build | Farm |
| 35:44 | Build | Farm |
Build order — YAMAHA
First 150 of 275 actions detected
| 0:01 | Create | Villager (Male) |
| 0:02 | Create | Villager (Male) |
| 0:02 | Create | Villager (Male) |
| 0:03 | Build | House |
| 0:14 | Create | Villager (Male) |
| 0:14 | Create | Villager (Male) |
| 0:16 | Research | Loom |
| 1:39 | Create | Villager (Male) |
| 1:51 | Build | House |
| 2:07 | Create | Villager (Male) |
| 2:30 | Build | House |
| 2:40 | Create | Villager (Male) |
| 3:02 | Build | House |
| 3:07 | Create | Villager (Male) |
| 3:33 | Create | Villager (Male) |
| 3:42 | Build | Mill |
| 3:57 | Create | Villager (Male) |
| 4:20 | Create | Villager (Male) |
| 4:20 | Create | Villager (Male) |
| 4:54 | Build | Lumber Camp |
| 5:01 | Create | Villager (Male) |
| 5:01 | Create | Villager (Male) |
| 5:31 | Create | Villager (Male) |
| 5:35 | Create | Villager (Male) |
| 5:43 | Create | Villager (Male) |
| 6:05 | Create | Villager (Male) |
| 6:21 | Create | Villager (Male) |
| 6:36 | Create | Villager (Male) |
| 7:16 | Build | Mining Camp |
| 7:22 | Create | Villager (Male) |
| 7:36 | Create | Villager (Male) |
| 8:08 | Build | House |
| 8:10 | Build | House |
| 8:54 | Create | Villager (Male) |
| 9:00 | Research | Feudal Age |
| 9:20 | Build | Mill |
| 10:39 | Create | Villager (Male) |
| 11:02 | Create | Villager (Male) |
| 11:23 | Create | Villager (Male) |
| 11:29 | Age | Feudal Age |
| 11:34 | Create | Villager (Male) |
| 11:50 | Build | Farm |
| 11:55 | Build | Farm |
| 11:58 | Create | Villager (Male) |
| 12:04 | Build | Farm |
| 12:10 | Create | Villager (Male) |
| 12:27 | Build | Farm |
| 12:32 | Build | House |
| 12:34 | Build | House |
| 12:54 | Build | Farm |
| 13:13 | Build | Farm |
| 13:16 | Create | Villager (Male) |
| 13:38 | Build | Blacksmith |
| 13:42 | Build | Farm |
| 13:45 | Create | Villager (Male) |
| 14:11 | Build | Market |
| 14:49 | Create | Villager (Male) |
| 14:53 | Build | Farm |
| 15:15 | Research | Castle Age |
| 15:17 | Build | Farm |
| 15:24 | Research | Double-Bit Axe |
| 15:37 | Research | Horse Collar |
| 16:15 | Create | Villager (Male) |
| 16:40 | Create | Villager (Male) |
| 16:53 | Build | Barracks |
| 17:23 | Create | Villager (Male) |
| 17:28 | Build | Farm |
| 17:38 | Create | Villager (Male) |
| 17:55 | Age | Castle Age |
| 18:06 | Create | Villager (Male) |
| 18:12 | Create | Villager (Male) |
| 18:40 | Build | Siege Workshop |
| 19:17 | Build | Castle |
| 19:25 | Create | Villager (Male) |
| 19:37 | Research | Bow Saw |
| 19:40 | Research | Heavy Plow |
| 19:42 | Create | Villager (Male) |
| 19:47 | Create | Trade Cart |
| 20:01 | Create | Villager (Male) |
| 20:11 | Create | Villager (Male) |
| 20:16 | Build | Town Center |
| 20:22 | Create | Villager (Male) |
| 20:35 | Create | Trade Cart |
| 21:06 | Create | Villager (Male) |
| 21:21 | Build | Archery Range |
| 21:27 | Create | Villager (Male) |
| 21:30 | Create | Villager (Male) |
| 21:31 | Create | Villager (Male) |
| 21:31 | Create | Villager (Male) |
| 21:34 | Create | Villager (Male) |
| 21:39 | Build | Farm |
| 21:53 | Create | Villager (Male) |
| 21:58 | Create | Skirmisher |
| 21:58 | Create | Skirmisher |
| 22:01 | Create | Skirmisher |
| 22:18 | Build | Lumber Camp |
| 22:55 | Build | Siege Workshop |
| 23:00 | Create | Villager (Male) |
| 23:02 | Create | Villager (Male) |
| 23:03 | Create | Villager (Male) |
| 23:04 | Create | Villager (Male) |
| 23:09 | Create | Villager (Male) |
| 23:13 | Research | Gold Mining |
| 23:28 | Build | Lumber Camp |
| 23:32 | Create | Mangonel |
| 23:45 | Create | Villager (Male) |
| 24:02 | Create | Skirmisher |
| 24:13 | Create | Mangonel |
| 24:29 | Build | Barracks |
| 24:37 | Build | Farm |
| 24:38 | Build | Farm |
| 24:40 | Build | Farm |
| 24:41 | Build | Farm |
| 24:44 | Build | Farm |
| 24:46 | Build | Farm |
| 24:48 | Create | Villager (Male) |
| 24:50 | Create | Villager (Male) |
| 25:17 | Build | Farm |
| 25:20 | Create | Villager (Male) |
| 25:25 | Build | Farm |
| 25:38 | Build | Town Center |
| 25:42 | Create | Villager (Male) |
| 25:53 | Build | Farm |
| 25:55 | Build | Farm |
| 26:01 | Build | House |
| 26:03 | Build | House |
| 26:05 | Build | House |
| 26:08 | Create | Spearman |
| 26:09 | Create | Spearman |
| 26:09 | Create | Spearman |
| 26:14 | Research | Pikeman (upgrade) |
| 26:41 | Create | Spearman |
| 26:42 | Research | Squires |
| 26:48 | Build | Farm |
| 26:51 | Create | Villager (Male) |
| 26:51 | Create | Villager (Male) |
| 27:01 | Build | Farm |
| 27:02 | Build | Farm |
| 27:04 | Build | Farm |
| 27:05 | Create | Villager (Male) |
| 27:11 | Build | Farm |
| 27:12 | Build | Farm |
| 27:13 | Build | Farm |
| 27:17 | Build | Farm |
| 27:20 | Research | Wheelbarrow |
| 27:21 | Create | Villager (Male) |
| 27:29 | Build | Farm |
| 27:31 | Build | Farm |
| 27:34 | Create | Villager (Male) |
| 27:38 | Build | House |
Build order — JCUP
First 150 of 415 actions detected
| 0:02 | Create | Villager (Male) |
| 0:02 | Create | Villager (Male) |
| 0:04 | Build | House |
| 0:06 | Build | House |
| 0:21 | Create | Villager (Male) |
| 0:22 | Create | Villager (Male) |
| 0:22 | Create | Villager (Male) |
| 1:31 | Create | Villager (Male) |
| 1:59 | Create | Villager (Male) |
| 2:17 | Create | Villager (Male) |
| 2:17 | Create | Villager (Male) |
| 2:34 | Create | Villager (Male) |
| 2:35 | Create | Villager (Male) |
| 2:48 | Build | Lumber Camp |
| 3:26 | Create | Villager (Male) |
| 3:26 | Create | Villager (Male) |
| 3:28 | Build | House |
| 3:41 | Create | Villager (Male) |
| 4:17 | Create | Villager (Male) |
| 4:38 | Create | Villager (Male) |
| 4:59 | Build | Mill |
| 5:11 | Create | Villager (Male) |
| 5:33 | Create | Villager (Male) |
| 6:18 | Create | Villager (Male) |
| 6:48 | Research | Feudal Age |
| 8:06 | Build | House |
| 8:24 | Build | Lumber Camp |
| 8:46 | Build | House |
| 8:58 | Age | Feudal Age |
| 9:02 | Create | Villager (Male) |
| 9:10 | Research | Double-Bit Axe |
| 9:13 | Research | Horse Collar |
| 9:21 | Create | Villager (Male) |
| 9:43 | Create | Villager (Male) |
| 10:16 | Create | Villager (Male) |
| 10:20 | Build | Farm |
| 10:41 | Create | Villager (Male) |
| 11:11 | Create | Villager (Male) |
| 11:13 | Build | Farm |
| 11:23 | Build | Market |
| 11:35 | Create | Villager (Male) |
| 11:43 | Build | Blacksmith |
| 11:59 | Create | Villager (Male) |
| 12:23 | Create | Villager (Male) |
| 12:44 | Create | Villager (Male) |
| 12:59 | Build | Farm |
| 13:04 | Build | Farm |
| 13:07 | Build | Farm |
| 13:24 | Build | Farm |
| 13:37 | Build | House |
| 13:47 | Research | Castle Age |
| 14:02 | Build | Lumber Camp |
| 15:56 | Create | Villager (Male) |
| 16:03 | Research | Wheelbarrow |
| 16:27 | Age | Castle Age |
| 16:29 | Build | Town Center |
| 16:34 | Build | Town Center |
| 16:38 | Build | Town Center |
| 16:41 | Create | Villager (Male) |
| 16:46 | Build | Farm |
| 16:50 | Build | Farm |
| 17:12 | Research | Heavy Plow |
| 17:15 | Research | Bow Saw |
| 17:23 | Build | House |
| 17:30 | Build | Farm |
| 17:37 | Build | Farm |
| 17:39 | Build | Farm |
| 17:47 | Create | Villager (Male) |
| 17:54 | Create | Villager (Male) |
| 17:57 | Create | Villager (Male) |
| 18:01 | Build | Farm |
| 18:02 | Build | Farm |
| 18:03 | Create | Villager (Male) |
| 18:06 | Create | Villager (Male) |
| 18:11 | Create | Villager (Male) |
| 18:13 | Build | Farm |
| 18:17 | Build | Farm |
| 18:18 | Build | Farm |
| 18:20 | Create | Villager (Male) |
| 18:24 | Build | Farm |
| 18:33 | Build | House |
| 18:34 | Create | Villager (Male) |
| 18:39 | Build | Farm |
| 18:47 | Create | Villager (Male) |
| 18:51 | Build | Farm |
| 19:00 | Create | Villager (Male) |
| 19:00 | Create | Villager (Male) |
| 19:03 | Build | House |
| 19:04 | Create | Villager (Male) |
| 19:09 | Build | Farm |
| 19:18 | Create | Villager (Male) |
| 19:23 | Create | Villager (Male) |
| 19:26 | Build | Farm |
| 19:27 | Create | Villager (Male) |
| 19:30 | Build | Farm |
| 19:35 | Build | Farm |
| 19:36 | Create | Villager (Male) |
| 19:41 | Create | Villager (Male) |
| 19:45 | Build | Farm |
| 19:46 | Create | Villager (Male) |
| 19:49 | Build | House |
| 19:59 | Build | Farm |
| 20:03 | Create | Villager (Male) |
| 20:04 | Create | Villager (Male) |
| 20:10 | Build | Farm |
| 20:11 | Create | Villager (Male) |
| 20:15 | Build | Farm |
| 20:16 | Create | Villager (Male) |
| 20:20 | Create | Villager (Male) |
| 20:26 | Create | Villager (Male) |
| 20:31 | Create | Villager (Male) |
| 20:32 | Create | Villager (Male) |
| 20:39 | Build | Farm |
| 20:42 | Create | Villager (Male) |
| 20:43 | Create | Villager (Male) |
| 20:47 | Build | Farm |
| 20:52 | Build | Farm |
| 20:52 | Create | Villager (Male) |
| 20:55 | Build | Farm |
| 20:57 | Build | Farm |
| 21:04 | Create | Villager (Male) |
| 21:05 | Create | Villager (Male) |
| 21:06 | Create | Villager (Male) |
| 21:09 | Build | Farm |
| 21:10 | Create | Villager (Male) |
| 21:11 | Create | Villager (Male) |
| 21:15 | Create | Villager (Male) |
| 21:18 | Build | Farm |
| 21:29 | Build | House |
| 21:30 | Create | Villager (Male) |
| 21:46 | Create | Villager (Male) |
| 21:47 | Create | Villager (Male) |
| 21:48 | Create | Villager (Male) |
| 21:49 | Create | Villager (Male) |
| 21:54 | Build | Mining Camp |
| 21:56 | Build | House |
| 21:57 | Create | Villager (Male) |
| 22:00 | Create | Villager (Male) |
| 22:04 | Create | Villager (Male) |
| 22:09 | Build | Farm |
| 22:10 | Create | Villager (Male) |
| 22:18 | Create | Villager (Male) |
| 22:22 | Build | Farm |
| 22:29 | Create | Villager (Male) |
| 22:33 | Build | Farm |
| 22:35 | Build | Farm |
| 22:37 | Build | Farm |
| 22:41 | Create | Villager (Male) |
| 22:43 | Research | Gold Mining |
| 22:44 | Create | Villager (Male) |
Build order — 我怕你审判长?
First 150 of 227 actions detected
| 0:01 | Create | Villager (Male) |
| 0:02 | Create | Villager (Male) |
| 0:03 | Build | House |
| 0:04 | Build | House |
| 0:38 | Build | Mill |
| 0:53 | Create | Villager (Male) |
| 0:53 | Create | Villager (Male) |
| 0:53 | Create | Villager (Male) |
| 1:34 | Create | Villager (Male) |
| 1:34 | Create | Villager (Male) |
| 1:56 | Create | Villager (Male) |
| 2:34 | Create | Villager (Male) |
| 2:34 | Create | Villager (Male) |
| 3:17 | Create | Villager (Male) |
| 3:26 | Create | Villager (Male) |
| 3:38 | Create | Villager (Male) |
| 3:48 | Create | Villager (Male) |
| 3:48 | Create | Villager (Male) |
| 3:51 | Build | House |
| 4:13 | Create | Villager (Male) |
| 4:14 | Create | Villager (Male) |
| 4:39 | Build | Lumber Camp |
| 4:56 | Create | Villager (Male) |
| 5:49 | Create | Villager (Male) |
| 6:20 | Create | Villager (Male) |
| 6:43 | Research | Feudal Age |
| 7:01 | Build | House |
| 7:02 | Build | House |
| 7:33 | Create | Villager (Male) |
| 7:36 | Create | Villager (Male) |
| 8:26 | Build | Mill |
| 8:55 | Age | Feudal Age |
| 9:05 | Research | Double-Bit Axe |
| 9:19 | Research | Horse Collar |
| 9:20 | Create | Villager (Male) |
| 9:22 | Build | Farm |
| 9:35 | Build | Farm |
| 9:48 | Build | Farm |
| 10:09 | Create | Villager (Male) |
| 10:09 | Create | Villager (Male) |
| 10:09 | Create | Villager (Male) |
| 10:15 | Build | Mining Camp |
| 11:01 | Build | House |
| 11:19 | Create | Villager (Male) |
| 11:30 | Build | Farm |
| 11:46 | Create | Villager (Male) |
| 11:57 | Build | Farm |
| 11:59 | Create | Villager (Male) |
| 12:30 | Build | Market |
| 12:37 | Create | Villager (Male) |
| 12:37 | Research | Loom |
| 12:40 | Build | Farm |
| 12:45 | Create | Villager (Male) |
| 12:56 | Build | Farm |
| 12:58 | Build | Farm |
| 13:05 | Build | Blacksmith |
| 13:22 | Build | Farm |
| 13:32 | Create | Villager (Male) |
| 13:34 | Build | Farm |
| 13:48 | Research | Castle Age |
| 14:03 | Build | Farm |
| 14:13 | Research | Gold Mining |
| 15:35 | Create | Villager (Male) |
| 16:31 | Build | House |
| 16:32 | Build | House |
| 16:33 | Build | House |
| 16:37 | Age | Castle Age |
| 16:39 | Research | Bow Saw |
| 16:45 | Research | Heavy Plow |
| 17:02 | Create | Villager (Male) |
| 17:02 | Create | Villager (Male) |
| 17:09 | Build | Farm |
| 17:22 | Create | Villager (Male) |
| 17:32 | Build | Siege Workshop |
| 17:35 | Build | Monastery |
| 17:38 | Create | Villager (Male) |
| 17:41 | Research | Scale Barding Armor |
| 17:58 | Build | House |
| 17:59 | Build | House |
| 18:08 | Create | Villager (Male) |
| 18:18 | Create | Villager (Male) |
| 18:25 | Build | Farm |
| 18:30 | Create | Armored Elephant |
| 18:30 | Create | Armored Elephant |
| 18:34 | Build | Mining Camp |
| 18:35 | Create | Monk |
| 18:35 | Create | Monk |
| 18:37 | Create | Armored Elephant |
| 19:05 | Build | Farm |
| 19:20 | Create | Villager (Male) |
| 19:21 | Create | Villager (Male) |
| 19:27 | Build | Farm |
| 19:38 | Create | Monk |
| 19:49 | Create | Monk |
| 19:55 | Build | Farm |
| 19:56 | Create | Villager (Male) |
| 19:59 | Research | Gold Shaft Mining |
| 20:10 | Build | Monastery |
| 20:34 | Create | Mangonel |
| 21:05 | Create | Monk |
| 21:06 | Create | Villager (Male) |
| 21:06 | Create | Villager (Male) |
| 21:07 | Create | Villager (Male) |
| 21:07 | Create | Villager (Male) |
| 21:10 | Research | Wheelbarrow |
| 21:25 | Create | Monk |
| 21:29 | Research | Fervor |
| 21:46 | Build | Outpost |
| 21:57 | Create | Villager (Male) |
| 22:34 | Create | Villager (Male) |
| 22:35 | Create | Villager (Male) |
| 22:40 | Build | Mining Camp |
| 23:06 | Research | Redemption |
| 23:45 | Create | Villager (Male) |
| 23:45 | Create | Villager (Male) |
| 23:47 | Build | House |
| 23:48 | Build | House |
| 24:17 | Build | House |
| 24:18 | Build | House |
| 24:28 | Research | Sanctity |
| 25:03 | Create | Villager (Male) |
| 25:04 | Create | Villager (Male) |
| 25:07 | Research | Imperial Age |
| 25:12 | Build | House |
| 25:12 | Build | House |
| 25:12 | Build | House |
| 25:13 | Build | House |
| 25:28 | Create | Armored Elephant |
| 25:28 | Create | Armored Elephant |
| 25:37 | Build | House |
| 25:38 | Build | House |
| 25:51 | Create | Scorpion |
| 25:55 | Build | Siege Workshop |
| 25:57 | Build | Siege Workshop |
| 26:11 | Create | Villager (Male) |
| 26:35 | Create | Scorpion |
| 26:35 | Create | Scorpion |
| 26:35 | Create | Scorpion |
| 26:44 | Build | House |
| 26:45 | Build | House |
| 27:16 | Build | University |
| 27:51 | Create | Villager (Male) |
| 27:54 | Build | House |
| 27:54 | Build | House |
| 28:14 | Create | Scorpion |
| 28:14 | Create | Scorpion |
| 28:14 | Create | Scorpion |
| 28:15 | Create | Scorpion |
| 28:15 | Create | Scorpion |
| 28:15 | Create | Scorpion |
Build order — BIZZ9 | Resneli Pasha
First 150 of 274 actions detected
| 0:02 | Build | House |
| 0:04 | Build | House |
| 0:05 | Create | Villager (Male) |
| 0:05 | Create | Villager (Male) |
| 0:05 | Create | Villager (Male) |
| 0:06 | Create | Villager (Male) |
| 1:29 | Create | Villager (Male) |
| 1:30 | Create | Villager (Male) |
| 1:51 | Create | Villager (Male) |
| 2:19 | Build | Lumber Camp |
| 2:21 | Create | Villager (Male) |
| 2:29 | Create | Villager (Male) |
| 2:51 | Create | Villager (Male) |
| 3:22 | Create | Villager (Male) |
| 3:22 | Create | Villager (Male) |
| 3:43 | Build | House |
| 3:47 | Create | Villager (Male) |
| 3:47 | Create | Villager (Male) |
| 4:23 | Create | Villager (Male) |
| 5:11 | Build | Mill |
| 5:13 | Create | Villager (Male) |
| 5:13 | Create | Villager (Male) |
| 6:01 | Create | Villager (Male) |
| 6:01 | Create | Villager (Male) |
| 6:08 | Create | Villager (Male) |
| 6:09 | Create | Villager (Male) |
| 6:09 | Create | Villager (Male) |
| 6:22 | Build | House |
| 7:48 | Build | Mining Camp |
| 7:51 | Research | Feudal Age |
| 8:01 | Build | Mill |
| 8:40 | Build | Farm |
| 9:37 | Create | Villager (Male) |
| 9:37 | Create | Villager (Male) |
| 9:49 | Build | House |
| 10:16 | Age | Feudal Age |
| 10:20 | Build | Market |
| 10:28 | Build | Blacksmith |
| 10:39 | Create | Villager (Male) |
| 11:21 | Research | Castle Age |
| 11:57 | Build | House |
| 11:59 | Build | House |
| 12:05 | Research | Double-Bit Axe |
| 12:13 | Research | Horse Collar |
| 12:14 | Research | Horse Collar |
| 12:43 | Build | Farm |
| 14:11 | Age | Castle Age |
| 14:14 | Build | Town Center |
| 14:34 | Build | Town Center |
| 14:56 | Create | Villager (Male) |
| 14:56 | Create | Villager (Male) |
| 14:57 | Create | Villager (Male) |
| 15:04 | Create | Villager (Male) |
| 15:04 | Create | Villager (Male) |
| 15:20 | Build | Farm |
| 15:26 | Build | Farm |
| 15:27 | Create | Villager (Male) |
| 15:28 | Create | Villager (Male) |
| 15:28 | Create | Villager (Male) |
| 15:47 | Create | Villager (Male) |
| 15:47 | Create | Villager (Male) |
| 15:53 | Build | Farm |
| 15:54 | Build | Farm |
| 15:57 | Build | Farm |
| 15:57 | Build | Farm |
| 15:57 | Build | Farm |
| 15:59 | Build | Farm |
| 16:11 | Create | Villager (Male) |
| 16:11 | Create | Villager (Male) |
| 16:17 | Build | Farm |
| 16:44 | Create | Villager (Male) |
| 16:44 | Create | Villager (Male) |
| 16:45 | Create | Villager (Male) |
| 16:45 | Create | Villager (Male) |
| 16:53 | Build | Farm |
| 16:54 | Build | Farm |
| 16:55 | Build | Farm |
| 16:56 | Build | Farm |
| 16:57 | Build | Farm |
| 17:06 | Build | Farm |
| 17:10 | Build | House |
| 17:11 | Build | House |
| 17:17 | Create | Villager (Male) |
| 17:18 | Create | Villager (Male) |
| 17:35 | Create | Villager (Male) |
| 17:42 | Build | Farm |
| 17:46 | Build | Farm |
| 17:49 | Create | Villager (Male) |
| 17:54 | Build | Farm |
| 17:55 | Build | Farm |
| 17:56 | Build | Farm |
| 17:59 | Create | Villager (Male) |
| 18:10 | Build | House |
| 18:13 | Build | House |
| 18:14 | Create | Villager (Male) |
| 18:22 | Create | Villager (Male) |
| 18:23 | Create | Villager (Male) |
| 18:23 | Create | Villager (Male) |
| 18:33 | Build | Monastery |
| 18:34 | Create | Villager (Male) |
| 18:38 | Create | Villager (Male) |
| 18:50 | Create | Villager (Male) |
| 18:50 | Create | Villager (Male) |
| 19:01 | Build | Farm |
| 19:01 | Build | Farm |
| 19:01 | Build | Farm |
| 19:01 | Build | Farm |
| 19:01 | Build | Farm |
| 19:02 | Build | Farm |
| 19:02 | Build | Farm |
| 19:02 | Build | Farm |
| 19:02 | Build | Farm |
| 19:04 | Create | Villager (Male) |
| 19:04 | Create | Villager (Male) |
| 19:11 | Create | Villager (Male) |
| 19:19 | Build | House |
| 19:20 | Build | House |
| 19:21 | Build | House |
| 19:22 | Build | House |
| 19:23 | Create | Villager (Male) |
| 19:43 | Research | Bow Saw |
| 19:54 | Create | Villager (Male) |
| 19:56 | Create | Monk |
| 20:02 | Create | Villager (Male) |
| 20:08 | Create | Villager (Male) |
| 20:21 | Build | Town Center |
| 20:23 | Create | Villager (Male) |
| 20:24 | Create | Villager (Male) |
| 20:24 | Create | Villager (Male) |
| 20:30 | Create | Villager (Male) |
| 21:02 | Build | Barracks |
| 21:15 | Build | Barracks |
| 21:21 | Build | Siege Workshop |
| 21:47 | Research | Pikeman (upgrade) |
| 21:54 | Create | Mangonel |
| 22:03 | Create | Villager (Male) |
| 22:03 | Create | Villager (Male) |
| 22:03 | Create | Villager (Male) |
| 22:59 | Create | Villager (Male) |
| 23:01 | Create | Spearman |
| 23:02 | Create | Spearman |
| 23:02 | Create | Spearman |
| 23:02 | Create | Spearman |
| 23:02 | Create | Spearman |
| 23:23 | Build | Stable |
| 23:24 | Build | Stable |
| 23:27 | Create | Battering Ram |
| 23:27 | Create | Mangonel |
| 23:28 | Create | Mangonel |
| 23:56 | Research | Bloodlines |
Build order — 一般入机
First 150 of 416 actions detected
| 0:03 | Create | Villager (Male) ×4 |
| 0:04 | Build | House |
| 0:10 | Build | House |
| 1:30 | Create | Villager (Male) |
| 1:30 | Create | Villager (Male) |
| 1:51 | Create | Villager (Male) |
| 1:51 | Create | Villager (Male) |
| 2:23 | Create | Villager (Male) |
| 2:23 | Create | Villager (Male) |
| 2:28 | Create | Villager (Male) |
| 2:28 | Create | Villager (Male) |
| 2:37 | Build | Lumber Camp |
| 2:44 | Build | Lumber Camp |
| 2:48 | Create | Villager (Male) |
| 2:49 | Create | Villager (Male) |
| 3:25 | Create | Villager (Male) |
| 3:25 | Create | Villager (Male) |
| 3:47 | Create | Villager (Male) ×2 |
| 3:47 | Create | Villager (Male) ×2 |
| 3:53 | Build | House |
| 3:56 | Build | House |
| 4:16 | Create | Villager (Male) |
| 4:16 | Create | Villager (Male) |
| 4:23 | Build | House |
| 4:44 | Create | Villager (Male) |
| 4:44 | Create | Villager (Male) |
| 4:53 | Build | House |
| 5:25 | Create | Villager (Male) |
| 5:25 | Create | Villager (Male) |
| 5:46 | Create | Villager (Male) ×2 |
| 5:46 | Create | Villager (Male) ×2 |
| 6:05 | Create | Villager (Male) ×2 |
| 6:05 | Create | Villager (Male) ×2 |
| 6:14 | Create | Villager (Male) |
| 6:14 | Create | Villager (Male) |
| 6:46 | Build | Mill |
| 7:43 | Build | Mining Camp |
| 8:24 | Create | Villager (Male) |
| 8:30 | Build | Mining Camp |
| 8:38 | Research | Feudal Age |
| 9:38 | Create | Villager (Male) |
| 9:38 | Create | Villager (Male) |
| 10:59 | Age | Feudal Age |
| 11:05 | Build | Market |
| 11:09 | Build | Blacksmith |
| 11:18 | Build | Market |
| 11:48 | Build | Stone Wall |
| 11:54 | Research | Castle Age |
| 11:55 | Research | Castle Age |
| 12:32 | Build | Watch Tower |
| 12:37 | Create | Villager (Male) |
| 13:25 | Research | Fletching |
| 14:29 | Research | Double-Bit Axe |
| 14:34 | Age | Castle Age |
| 14:44 | Build | Monastery |
| 14:55 | Create | Villager (Male) |
| 15:03 | Build | Farm |
| 15:05 | Create | Villager (Male) |
| 15:30 | Build | Castle |
| 15:34 | Build | Farm |
| 15:40 | Build | House |
| 15:43 | Research | Loom |
| 15:43 | Research | Loom |
| 15:51 | Create | Villager (Male) |
| 15:51 | Build | Farm |
| 15:54 | Create | Missionary |
| 16:10 | Build | Palisade Gate |
| 16:19 | Create | Villager (Male) |
| 16:26 | Build | Town Center |
| 16:37 | Build | Palisade Wall |
| 16:44 | Create | Villager (Male) |
| 16:49 | Build | Farm |
| 16:56 | Build | Farm |
| 17:15 | Create | Conquistador |
| 17:16 | Create | Villager (Male) |
| 17:19 | Build | Farm |
| 17:31 | Build | Farm |
| 17:54 | Create | Villager (Male) |
| 17:59 | Build | Farm |
| 18:00 | Build | Farm |
| 18:21 | Create | Villager (Male) |
| 18:21 | Create | Villager (Male) |
| 18:31 | Build | Farm |
| 18:50 | Create | Villager (Male) |
| 18:50 | Create | Villager (Male) |
| 18:51 | Create | Villager (Male) |
| 19:08 | Build | Farm |
| 19:11 | Build | Farm |
| 19:12 | Build | Farm |
| 19:13 | Build | Farm |
| 19:14 | Create | Villager (Male) |
| 19:14 | Create | Villager (Male) |
| 19:14 | Create | Villager (Male) |
| 19:17 | Create | Villager (Male) |
| 19:17 | Create | Villager (Male) |
| 19:21 | Build | Farm |
| 19:48 | Create | Villager (Male) |
| 19:49 | Create | Villager (Male) |
| 19:56 | Build | Farm |
| 20:03 | Create | Villager (Male) |
| 20:03 | Create | Villager (Male) |
| 20:20 | Create | Villager (Male) |
| 20:21 | Build | Farm |
| 20:24 | Create | Villager (Male) |
| 20:24 | Create | Villager (Male) |
| 20:31 | Create | Villager (Male) |
| 20:42 | Build | Stone Wall |
| 20:43 | Build | Stone Wall |
| 20:47 | Create | Villager (Male) |
| 20:48 | Build | Farm |
| 20:58 | Create | Conquistador |
| 20:58 | Create | Conquistador |
| 21:07 | Create | Villager (Male) |
| 21:10 | Build | Farm |
| 21:15 | Build | Town Center |
| 21:19 | Create | Villager (Male) |
| 21:41 | Build | Farm |
| 21:42 | Create | Villager (Male) |
| 21:43 | Create | Villager (Male) |
| 21:55 | Create | Villager (Male) |
| 22:06 | Create | Villager (Male) |
| 22:24 | Build | Outpost |
| 22:26 | Build | House |
| 22:29 | Create | Villager (Male) |
| 22:31 | Build | Farm |
| 22:32 | Build | Farm |
| 22:32 | Research | Town Watch |
| 22:35 | Research | Wheelbarrow |
| 22:35 | Research | Wheelbarrow |
| 22:37 | Build | Farm |
| 22:38 | Build | Farm |
| 22:40 | Build | Farm |
| 22:47 | Create | Villager (Male) |
| 22:51 | Build | Farm |
| 22:53 | Create | Villager (Male) |
| 23:07 | Build | Outpost |
| 23:09 | Create | Villager (Male) |
| 23:11 | Build | Farm |
| 23:13 | Create | Villager (Male) |
| 23:20 | Build | Outpost |
| 23:22 | Create | Villager (Male) |
| 23:25 | Create | Villager (Male) |
| 23:32 | Research | Redemption |
| 23:32 | Create | Monk |
| 23:34 | Create | Missionary |
| 23:41 | Create | Villager (Male) |
| 23:43 | Build | Farm |
| 23:45 | Build | Town Center |
| 23:50 | Build | Town Center |
| 24:01 | Create | Villager (Male) |
Build order — 劍靈根
First 150 of 283 actions detected
| 0:01 | Create | Villager (Male) |
| 0:01 | Create | Villager (Male) |
| 0:02 | Create | Villager (Male) |
| 0:05 | Build | House |
| 0:07 | Build | House |
| 0:12 | Create | Villager (Male) |
| 0:13 | Create | Villager (Male) |
| 1:30 | Create | Villager (Male) |
| 1:30 | Create | Villager (Male) |
| 1:47 | Build | Lumber Camp |
| 1:51 | Create | Villager (Male) |
| 1:51 | Create | Villager (Male) |
| 2:24 | Create | Villager (Male) |
| 2:54 | Create | Villager (Male) |
| 3:00 | Build | House |
| 3:02 | Build | House |
| 3:09 | Create | Villager (Male) |
| 3:35 | Create | Villager (Male) |
| 4:04 | Create | Villager (Male) |
| 4:04 | Create | Villager (Male) |
| 4:24 | Build | House |
| 4:37 | Create | Villager (Male) |
| 4:38 | Create | Villager (Male) |
| 5:03 | Create | Villager (Male) |
| 5:03 | Create | Villager (Male) |
| 5:04 | Create | Villager (Male) |
| 5:07 | Build | Mill |
| 5:51 | Create | Villager (Male) |
| 5:52 | Create | Villager (Male) |
| 5:52 | Create | Villager (Male) |
| 6:24 | Build | Mill |
| 6:30 | Create | Villager (Male) |
| 7:11 | Build | Mining Camp |
| 7:13 | Create | Villager (Male) |
| 7:36 | Create | Villager (Male) |
| 8:14 | Create | Villager (Male) |
| 8:26 | Build | Farm |
| 8:29 | Create | Villager (Male) |
| 8:52 | Build | Farm |
| 9:09 | Create | Villager (Male) |
| 9:11 | Research | Feudal Age |
| 9:46 | Create | Villager (Male) |
| 9:46 | Create | Villager (Male) |
| 11:21 | Build | Farm |
| 11:48 | Age | Feudal Age |
| 11:51 | Build | Market |
| 11:54 | Build | Blacksmith |
| 12:19 | Research | Double-Bit Axe |
| 12:22 | Research | Horse Collar |
| 12:38 | Research | Castle Age |
| 13:02 | Create | Villager (Male) |
| 13:11 | Build | Farm |
| 13:15 | Build | Farm |
| 13:29 | Build | Barracks |
| 13:33 | Build | Farm |
| 13:43 | Create | Villager (Male) |
| 14:55 | Build | Farm |
| 14:56 | Build | Farm |
| 14:59 | Build | Farm |
| 15:09 | Build | Stable |
| 15:18 | Age | Castle Age |
| 15:23 | Research | Bow Saw |
| 15:34 | Build | House |
| 15:35 | Build | House |
| 15:41 | Create | Villager (Male) |
| 16:25 | Create | Villager (Male) |
| 16:35 | Build | Town Center |
| 16:41 | Build | House |
| 16:42 | Build | House |
| 16:45 | Create | Villager (Male) |
| 16:45 | Create | Villager (Male) |
| 16:52 | Build | Farm |
| 16:52 | Build | Farm |
| 17:18 | Research | Wheelbarrow |
| 17:18 | Create | Villager (Male) |
| 17:30 | Build | Mining Camp |
| 17:31 | Create | Villager (Male) |
| 17:32 | Create | Villager (Male) |
| 17:44 | Research | Bloodlines |
| 17:46 | Build | House |
| 17:49 | Build | House |
| 17:58 | Build | Outpost |
| 18:00 | Create | Villager (Male) |
| 18:01 | Create | Villager (Male) |
| 18:10 | Research | Stone Mining |
| 18:11 | Research | Gold Mining |
| 18:15 | Create | Villager (Male) |
| 18:17 | Create | Villager (Male) |
| 18:25 | Build | House |
| 18:26 | Build | House |
| 18:31 | Build | House |
| 18:35 | Research | Scale Barding Armor |
| 18:38 | Create | Villager (Male) |
| 18:48 | Build | House |
| 18:52 | Create | Villager (Male) |
| 18:54 | Create | Villager (Male) |
| 19:12 | Build | House |
| 19:13 | Build | House |
| 19:21 | Research | Town Watch |
| 19:25 | Research | Loom |
| 19:25 | Create | Villager (Male) |
| 19:38 | Build | Farm |
| 19:44 | Build | Farm |
| 19:49 | Build | Farm |
| 19:52 | Build | Farm |
| 19:56 | Create | Villager (Male) |
| 20:09 | Create | Villager (Male) |
| 20:11 | Create | Villager (Male) |
| 20:17 | Build | Farm |
| 20:22 | Create | Knight |
| 20:24 | Create | Spearman |
| 20:30 | Create | Villager (Male) |
| 20:46 | Build | Town Center |
| 20:51 | Create | Villager (Male) |
| 20:53 | Create | Villager (Male) |
| 21:06 | Create | Villager (Male) |
| 21:18 | Create | Villager (Male) |
| 21:34 | Create | Villager (Male) |
| 21:40 | Create | Villager (Male) |
| 21:56 | Create | Villager (Male) |
| 21:57 | Create | Villager (Male) |
| 22:02 | Build | Mill |
| 22:04 | Build | Farm |
| 22:04 | Build | Farm |
| 22:05 | Build | Farm |
| 22:05 | Build | Farm |
| 22:05 | Build | Farm |
| 22:06 | Build | Farm |
| 22:10 | Create | Villager (Male) |
| 22:10 | Create | Villager (Male) |
| 22:32 | Build | Outpost |
| 22:36 | Build | Outpost |
| 22:43 | Create | Spearman |
| 22:47 | Create | Villager (Male) |
| 22:50 | Build | Farm |
| 22:54 | Build | Farm |
| 23:04 | Create | Villager (Male) |
| 23:05 | Create | Villager (Male) |
| 23:06 | Create | Villager (Male) |
| 23:07 | Create | Villager (Male) |
| 23:07 | Create | Villager (Male) |
| 23:09 | Create | Villager (Male) |
| 23:31 | Build | Castle |
| 23:40 | Build | Mill |
| 23:42 | Build | Farm |
| 23:42 | Build | Farm |
| 23:42 | Build | Farm |
| 23:47 | Build | Farm |
| 23:54 | Build | Farm |
| 23:54 | Build | Farm |
Build order — 湄洲行 观潮断 掠海游 定涛心 天妃佑 息浪平
First 150 of 316 actions detected
| 0:01 | Create | Villager (Male) |
| 0:01 | Create | Villager (Male) |
| 0:01 | Create | Villager (Male) |
| 0:03 | Build | House |
| 0:05 | Build | House |
| 0:05 | Create | Villager (Male) |
| 1:37 | Create | Villager (Male) |
| 1:37 | Create | Villager (Male) |
| 1:47 | Build | Lumber Camp |
| 2:01 | Create | Villager (Male) |
| 2:02 | Create | Villager (Male) |
| 2:44 | Create | Villager (Male) |
| 2:45 | Create | Villager (Male) |
| 2:45 | Create | Villager (Male) |
| 3:27 | Create | Villager (Male) |
| 3:27 | Create | Villager (Male) |
| 3:49 | Build | House |
| 3:53 | Build | House |
| 4:05 | Create | Villager (Male) |
| 4:35 | Create | Villager (Male) |
| 4:36 | Create | Villager (Male) |
| 4:36 | Create | Villager (Male) |
| 4:45 | Build | Mill |
| 5:01 | Build | House |
| 5:27 | Create | Villager (Male) |
| 5:30 | Create | Villager (Male) |
| 6:01 | Create | Villager (Male) |
| 6:01 | Create | Villager (Male) |
| 6:02 | Create | Villager (Male) |
| 6:43 | Create | Villager (Male) |
| 6:43 | Create | Villager (Male) |
| 6:44 | Create | Villager (Male) |
| 7:13 | Build | Mill |
| 7:39 | Build | Mining Camp |
| 8:02 | Build | Mining Camp |
| 8:39 | Research | Feudal Age |
| 9:49 | Create | Villager (Male) |
| 9:50 | Create | Villager (Male) |
| 10:58 | Age | Feudal Age |
| 11:00 | Build | Market |
| 11:12 | Build | Blacksmith |
| 11:41 | Research | Double-Bit Axe |
| 11:53 | Research | Castle Age |
| 11:53 | Research | Castle Age |
| 12:55 | Research | Horse Collar |
| 13:29 | Create | Villager (Male) |
| 13:30 | Create | Villager (Male) |
| 13:58 | Create | Villager (Male) |
| 13:59 | Create | Villager (Male) |
| 14:33 | Age | Castle Age |
| 14:37 | Build | Town Center |
| 14:55 | Research | Bow Saw |
| 15:00 | Build | Farm |
| 15:28 | Build | Farm |
| 15:51 | Build | Farm |
| 15:55 | Research | Wheelbarrow |
| 15:55 | Research | Wheelbarrow |
| 15:55 | Research | Wheelbarrow |
| 16:04 | Create | Villager (Male) |
| 16:05 | Create | Villager (Male) |
| 16:12 | Build | Town Center |
| 16:55 | Create | Villager (Male) |
| 16:56 | Create | Villager (Male) |
| 16:57 | Build | Farm |
| 16:58 | Build | Farm |
| 17:01 | Build | Farm |
| 17:14 | Build | Castle |
| 17:34 | Create | Villager (Male) |
| 17:39 | Build | Farm |
| 17:42 | Build | Farm |
| 17:50 | Create | Villager (Male) |
| 17:51 | Create | Villager (Male) |
| 17:53 | Create | Villager (Male) |
| 17:53 | Create | Villager (Male) |
| 17:54 | Create | Villager (Male) |
| 17:58 | Create | Villager (Male) |
| 17:58 | Create | Villager (Male) |
| 18:04 | Build | Farm |
| 18:07 | Build | Farm |
| 18:09 | Build | Farm |
| 18:12 | Build | Farm |
| 18:26 | Create | Villager (Male) |
| 18:27 | Build | Farm |
| 18:30 | Build | Farm |
| 18:32 | Create | Villager (Male) |
| 18:33 | Build | Farm |
| 18:35 | Build | Farm |
| 18:47 | Build | Farm |
| 18:50 | Build | House |
| 18:55 | Build | House |
| 18:55 | Build | House |
| 18:56 | Build | House |
| 18:57 | Create | Villager (Male) |
| 19:02 | Build | Farm |
| 19:09 | Create | Villager (Male) |
| 19:10 | Create | Villager (Male) |
| 19:22 | Create | Villager (Male) |
| 19:22 | Create | Villager (Male) |
| 19:27 | Create | Villager (Male) |
| 19:33 | Create | Villager (Male) |
| 19:33 | Create | Villager (Male) |
| 19:43 | Create | Villager (Male) |
| 19:51 | Create | Villager (Male) |
| 19:51 | Create | Villager (Male) |
| 19:51 | Create | Villager (Male) |
| 19:54 | Build | Town Center |
| 20:04 | Build | Farm |
| 20:07 | Create | Villager (Male) |
| 20:07 | Create | Villager (Male) |
| 20:08 | Create | Villager (Male) |
| 20:08 | Create | Villager (Male) |
| 20:16 | Create | Villager (Male) |
| 20:23 | Build | House |
| 20:24 | Build | House |
| 20:26 | Build | House |
| 20:27 | Build | Farm |
| 20:29 | Create | Villager (Male) |
| 20:29 | Create | Villager (Male) |
| 20:30 | Create | Villager (Male) |
| 20:37 | Create | Villager (Male) |
| 20:37 | Create | Villager (Male) |
| 20:39 | Build | Farm |
| 20:40 | Build | Farm |
| 20:43 | Build | Farm |
| 20:44 | Create | Villager (Male) |
| 20:51 | Create | Villager (Male) |
| 20:51 | Create | Villager (Male) |
| 20:55 | Create | Villager (Male) |
| 21:09 | Build | Farm |
| 21:10 | Create | Villager (Male) |
| 21:13 | Create | Villager (Male) |
| 21:17 | Build | Farm |
| 21:19 | Create | Villager (Male) |
| 21:22 | Build | Farm |
| 21:25 | Build | Farm |
| 21:27 | Create | Villager (Male) |
| 21:27 | Create | Villager (Male) |
| 21:32 | Build | Farm |
| 21:36 | Build | Farm |
| 21:39 | Create | Villager (Male) |
| 21:40 | Build | Farm |
| 21:40 | Create | Villager (Male) |
| 21:42 | Build | Farm |
| 21:49 | Create | Villager (Male) |
| 21:50 | Build | House |
| 21:51 | Create | Villager (Male) |
| 21:56 | Create | Villager (Male) |
| 21:57 | Build | Farm |
| 22:06 | Create | Villager (Male) |
| 22:07 | Create | Villager (Male) |
Match timeline
| 8:55 | 我怕你审判长? · age_up feudal |
| 8:58 | JCUP · age_up feudal |
| 10:09 | 大清第一巴图鲁 · first_building Donjon |
| 10:16 | BIZZ9 | Resneli Pasha · age_up feudal |
| 10:58 | 湄洲行 观潮断 掠海游 定涛心 天妃佑 息浪平 · age_up feudal |
| 10:59 | 一般入机 · age_up feudal |
| 11:29 | YAMAHA · age_up feudal |
| 11:46 | 大清第一巴图鲁 · age_up feudal |
| 11:48 | 劍靈根 · age_up feudal |
| 11:48 | 一般入机 · wall_segment Stone Wall x4 |
| 13:12 | JCUP · first_market_sell 100 wood |
| 13:29 | 劍靈根 · first_building Barracks |
| 14:11 | BIZZ9 | Resneli Pasha · age_up castle |
| 14:33 | 湄洲行 观潮断 掠海游 定涛心 天妃佑 息浪平 · age_up castle |
| 14:34 | 一般入机 · age_up castle |
| 14:44 | 一般入机 · first_building Monastery |
| 15:09 | 劍靈根 · first_building Stable |
| 15:18 | 劍靈根 · age_up castle |
| 15:30 | 一般入机 · first_building Castle |
| 16:03 | 湄洲行 观潮断 掠海游 定涛心 天妃佑 息浪平 · first_market_buy 100 food |
| 16:27 | JCUP · age_up castle |
| 16:37 | 一般入机 · wall_segment Palisade Wall x1 |
| 16:37 | 我怕你审判长? · age_up castle |
| 16:53 | YAMAHA · first_building Barracks |
| 17:14 | 湄洲行 观潮断 掠海游 定涛心 天妃佑 息浪平 · first_building Castle |
| 17:32 | 我怕你审判长? · first_building Siege Workshop |
| 17:35 | 我怕你审判长? · first_building Monastery |
| 17:55 | YAMAHA · age_up castle |
| 18:22 | BIZZ9 | Resneli Pasha · first_market_buy 100 food |
| 18:33 | BIZZ9 | Resneli Pasha · first_building Monastery |
| 18:40 | YAMAHA · first_building Siege Workshop |
| 19:17 | YAMAHA · first_building Castle |
| 20:42 | 一般入机 · wall_segment Stone Wall x1 |
| 20:43 | 一般入机 · wall_segment Stone Wall x1 |
| 21:02 | BIZZ9 | Resneli Pasha · first_building Barracks |
| 21:21 | YAMAHA · first_building Archery Range |
| 21:21 | BIZZ9 | Resneli Pasha · first_building Siege Workshop |
| 21:57 | 大清第一巴图鲁 · first_building Barracks |
| 23:02 | 大清第一巴图鲁 · age_up castle |
| 23:10 | 大清第一巴图鲁 · first_building Stable |
| 23:23 | BIZZ9 | Resneli Pasha · first_building Stable |
| 23:31 | 劍靈根 · first_building Castle |
| 23:53 | YAMAHA · first_market_buy 100 wood |
| 23:58 | 一般入机 · first_market_buy 100 wood |
| 24:14 | 湄洲行 观潮断 掠海游 定涛心 天妃佑 息浪平 · first_building Barracks |
| 24:30 | 一般入机 · wall_segment Stone Wall x1 |
| 24:31 | JCUP · first_building Barracks |
| 24:31 | 一般入机 · wall_segment Stone Wall x1 |
| 24:32 | 一般入机 · wall_segment Stone Wall x1 |
| 24:42 | JCUP · first_building Castle |
| 24:55 | 一般入机 · wall_segment Palisade Wall x1 |
| 24:56 | 一般入机 · wall_segment Palisade Wall x1 |
| 24:57 | 湄洲行 观潮断 掠海游 定涛心 天妃佑 息浪平 · first_building Siege Workshop |
| 26:22 | 大清第一巴图鲁 · first_building Siege Workshop |
| 27:11 | 一般入机 · wall_segment Stone Wall x1 |
| 27:14 | 一般入机 · wall_segment Stone Wall x15 |
| 27:24 | 一般入机 · first_building Barracks |
| 28:35 | 我怕你审判长? · age_up imperial |
| 28:40 | 大清第一巴图鲁 · first_building Castle |
| 28:44 | 劍靈根 · first_building Monastery |
| 28:50 | 湄洲行 观潮断 掠海游 定涛心 天妃佑 息浪平 · age_up imperial |
| 28:58 | JCUP · age_up imperial |
| 29:07 | 一般入机 · first_building Stable |
| 29:36 | 我怕你审判长? · first_market_sell 100 food |
| 30:00 | BIZZ9 | Resneli Pasha · wall_segment Stone Wall x2 |
| 31:30 | 一般入机 · wall_segment Stone Wall x15 |
| 32:22 | 劍靈根 · age_up imperial |
| 32:28 | 一般入机 · age_up imperial |
| 32:39 | 我怕你审判长? · first_building Barracks |
| 33:02 | YAMAHA · age_up imperial |
| 33:20 | 一般入机 · first_market_sell 100 wood |
| 33:33 | BIZZ9 | Resneli Pasha · resign |
| 33:51 | 我怕你审判长? · first_building Stable |
| 34:42 | 湄洲行 观潮断 掠海游 定涛心 天妃佑 息浪平 · first_market_sell 500 wood |
| 36:35 | 大清第一巴图鲁 · age_up imperial |
| 40:47 | JCUP · first_building Stable |
[ AI ANALYSIS · 1 CREDIT ]
What really happened in this match?
Wolo.gg analyzes every decision: build order, eco, micro, common mistakes by bracket. Personalized analysis on WhatsApp or Discord in 30 seconds.
Civ guide
Sicilians
Perfil
大清第一巴图鲁